AoeStats
← BarinDwalin

Nomad

510964790Analyzed
2v2 RM · 10h ago on Oct 3, 2026· 34m 6s· 4 players
Game mode
Random Map
Map size
176×176
Population
200
Speed
Normal
Resources
Standard
Victory
Conquest
Starting age
Dark Age
Ending age
Imperial Age
RankedLock teamsTeams togetherTeam positionsShared explorationLock speedFull tech treeHidden civsTurbo modeCheats
Victory
Defeat
🇷🇺 Koreans · Russia
1174
+6
🇲🇽 Khmer · Mexico
1050
+11
🇰🇿 Berbers · Kazakhstan
939
-9
🇷🇺 Danes · Russia
909
-8
Rhino
4:23 Loom
14:55 Feudal Age
15:18 Fishing Lines
15:26 Double-Bit Axe
21:38 Castle Age
19:59 Stone Mining
20:12 Fletching
20:10 Town Watch
20:51 Gold Mining
22:21 Bodkin Arrow
22:59 Gillnets
23:20 Medium Warships
24:09 Ballistics
23:53 Murder Holes
24:53 Stone Shaft Mining
24:55 Bow Saw
25:29 Treadmill Crane
30:34 Wheelbarrow
31:59 Hand Cart
32:01 Forging
31:52 Scale Mail Armor
32:37 Gold Shaft Mining
34:32 Iron Casting
DA Fantasmic 11
4:38 Loom
13:15 Feudal Age
15:02 Double-Bit Axe
15:33 Fishing Lines
19:08 Castle Age
19:40 Gillnets
22:13 Bow Saw
24:30 Husbandry
24:43 Bloodlines
25:13 Scale Barding Armor
25:19 Forging
26:22 Chain Barding Armor
26:52 Gold Mining
26:53 Horse Collar
28:48 Iron Casting
28:54 Gold Shaft Mining
28:12 Stone Mining
29:47 Fletching
32:52 Bodkin Arrow
34:42 Wheelbarrow
33:52 Town Watch
BarinDwalin
5:54 Loom
14:52 Feudal Age
15:20 Double-Bit Axe
15:17 Horse Collar
15:26 Town Watch
15:32 Arson
16:52 Gold Mining
16:24 Man-at-Arms
19:09 Bloodlines
19:43 Forging
20:07 Stone Mining
20:09 Fletching
22:43 Scale Mail Armor
23:48 Padded Archer Armor
24:45 Wheelbarrow
25:22 Fishing Lines
26:28 Scale Barding Armor
32:55 Castle Age
Mr.Gibs
13:02 Feudal Age
13:44 Horse Collar
14:13 Loom
14:55 Double-Bit Axe
25:51 Castle Age
24:34 Fletching
24:41 Town Watch
25:26 Scale Mail Armor
27:08 Padded Archer Armor
32:06 Forging
Connection lost

Rejoining the realm…

Still unreachable

The connection could not be restored.

Session expired

The server has moved on; the page needs a fresh start.